 Dungeon Crawl Stone Soup version 0.30-a0-371-gad7725a93e (webtiles) character file.

Game seed: 11989263305874058645

654 leviel the Chopper (level 7, 0/61 HPs)
             Began as a Hill Orc Fighter on Nov 21, 2022.
             Slain by a killer bee (7 damage)
             ... on level 6 of the Dungeon.
             The game lasted 00:04:45 (4590 turns).

leviel the Chopper (Hill Orc Fighter)               Turns: 4590, Time: 00:04:45

Health: 0/61       AC:  7    Str: 21    XL:     7   Next: 54%
Magic:  7/7        EV:  9    Int:  8    God:
Gold:   217        SH:  5    Dex: 10    Spells: 6/6 levels left

rFire   . . .      SeeInvis +    a - +1 war axe
rCold   . . .      Faith    .    c - +0 buckler
rNeg    . . .      Spirit   .    b - +0 scale mail
rPois   .          Reflect  .    (no helmet)
rElec   .          Harm     .    (no cloak)
rCorr   .          Rampage  .    (no gloves)
Will    .....                    (no boots)
Stlth   ..........               (no amulet)
HPRegen 0.30/turn                j - ring of see invisible
MPRegen 0.10/turn                q - ring of flight

@: mighty, brilliant, flying, hasted (expiring), very quick
A: no striking features
a: no special abilities


You were on level 6 of the Dungeon.
You visited 1 branch of the dungeon, and saw 6 of its levels.

You collected 217 gold pieces.

Inventory:

Hand Weapons
 a - a +1 war axe (weapon)
Armour
 b - a +0 scale mail (worn)
 c - a +0 buckler (worn)
Jewellery
 f - a ring of positive energy
 j - a ring of see invisible (left hand)
 k - a ring of willpower
 m - a ring of fire {rF+ rC-}
 q - a ring of flight (right hand)
 s - a +4 ring of evasion
Wands
 n - a wand of flame (40)
 o - a wand of iceblast (7)
Scrolls
 e - 2 scrolls of teleportation
 t - a scroll of fog
Potions
 g - 2 potions of flight
 i - 2 potions of brilliance
 l - 3 potions of ambrosia
 u - a potion of haste


   Skills:
 + Level 5.4 Fighting
 * Level 6.7 Axes
 + Level 4.9 Armour
 + Level 4.9 Shields
 + Level 2.1 Evocations


You had 6 spell levels left.
You didn't know any spells.
Your spell library was empty.

Dungeon Overview and Level Annotations

Branches:
Dungeon (6/15)
 Temple: D:4-7

Altars:
Elyvilon

Shops:
D:2 [


Message History

The killer bee stings you but does no damage.
You bump into the rock wall.
You feel very sick. The killer bee stings you.
You barely miss the killer bee.
You feel less invigorated.
You feel less confused.
You feel sick. The killer bee barely misses you.
The killer bee stings you but does no damage.
You completely miss the killer bee.
You feel sick. You block the killer bee's attack.
You slash the killer bee!
You kill the killer bee!
You feel sick.
The killer bee stings you but does no damage.
Your Evocations skill increases to level 2!
You miss the killer bee.
You feel sick. The killer bee closely misses you. x2
You closely miss the killer bee.
You feel sick. The killer bee stings you!
* * * LOW HITPOINT WARNING * * *
You hit the killer bee.
The killer bee is lightly wounded.
Your extra speed is starting to run out.
You feel sick. You block the killer bee's attack.
The killer bee stings you but does no damage.
You barely miss the killer bee.
The killer bee is lightly wounded.
You feel sick. The killer bee barely misses you. x2
You slice the killer bee!!
You kill the killer bee!
You feel sick.
You miss the killer bee. The killer bee closely misses you. x2
You slash the killer bee!
The killer bee is heavily wounded.
You feel sick. You block the killer bee's attack.
The killer bee barely misses you.
You miss the killer bee.
The killer bee is heavily wounded.
You feel sick.
You are no longer poisoned.
The killer bee stings you!
You die...

#########
#.......#######
#.#####........
########.#
#.#######
#........# #.#
####.######.# #.#
............#####.#
.....#####........#
.....# #######@##
####.# #y# #.# #.#
#.# #.. #.# ### #.#
#.# #.# ####.#


You could see a killer bee.

Vanquished Creatures
  2 black bears (D:4)
  3 killer bees (D:6)
  A gnoll bouda (D:5)
  2 hounds (D:4)
  Natasha (thrice) (D:3)
  3 gnolls (D:5)
  7 adders
  A shadow imp (D:6)
  2 white imps
  A worm (D:2)
  3 dart slugs
  9 orcs
  6 bats
  10 endoplasms
  4 giant cockroaches
  2 goblins
  4 hobgoblins
  4 kobolds
  5 quokkas
  4 ball pythons
  6 frilled lizards
  4 rats
86 creatures vanquished.

Notes
Turn   | Place    | Note
-------+----------+-------------------------------------------
     0 | D:1      | leviel the Hill Orc Fighter began the quest for the Orb.
     0 | D:1      | Reached XP level 1. HP: 19/19 MP: 1/1
   373 | D:1      | Reached skill level 3 in Axes
   373 | D:1      | Reached XP level 2. HP: 27/27 MP: 2/2
   790 | D:2      | Reached XP level 3. HP: 31/33 MP: 3/3
   823 | D:2      | Found Aseof's Antique Armour Shoppe.
  1160 | D:2      | Reached skill level 4 in Axes
  1390 | D:2      | Reached XP level 4. HP: 37/40 MP: 4/4
  1796 | D:3      | Found a faded altar of an unknown god.
  1897 | D:3      | Noticed Natasha
  1906 | D:3      | Killed Natasha
  1907 | D:3      | Reached XP level 5. HP: 25/47 MP: 5/5
  2354 | D:3      | Noticed Natasha
  2361 | D:3      | Killed Natasha
  2508 | D:3      | Noticed Natasha
  2519 | D:3      | Killed Natasha
  2749 | D:4      | Reached skill level 5 in Axes
  3099 | D:4      | Noticed a black bear
  3104 | D:4      | Killed a black bear
  3105 | D:4      | Reached skill level 1 in Evocations
  3105 | D:4      | Reached XP level 6. HP: 53/55 MP: 6/6
  3413 | D:4      | Noticed a black bear
  3424 | D:4      | Killed a black bear
  3425 | D:4      | Reached skill level 5 in Fighting
  3425 | D:4      | Reached skill level 6 in Axes
  3665 | D:5      | Entered Level 5 of the Dungeon
  3730 | D:5      | Reached XP level 7. HP: 43/61 MP: 7/7
  3792 | D:5      | Found a white marble altar of Elyvilon.
  4590 | D:6      | Slain by a killer bee

Illustrated notes

Levels and vault maps discovered:
D:1:      eino_arrival_water_star, layout_basic
D:2:      layout_loops_ring, serial_shops, shop, serial_bayou_pond_a,
          nicolae_elevator_lobby_asterisk
D:3:      layout_basic, shapermc_ecumenical_altar_pompeii, uniq_natasha
D:4:      black_bear_nest_2, layout_basic
D:5:      layout_gridville, mainiacjoe_overflow_six_doors_small
D:6:      layout_loops_ring, gup_sewer_entry_glass, lightli_church_of_beogh,
          uniq_blork_the_orc

Skill      XL: |  1  2  3  4  5  6  7 |
---------------+----------------------+-----
Axes           | 3 4 5 6 |  6.7
Fighting       | 4 5 |  5.4
Armour         | 4 |  4.9
Shields        | 4 |  4.9
Evocations     | 1 2 |  2.1

Action                   |  1- 3 |  4- 6 |  7- 9 || total
-------------------------+-------+-------+-------++-------
Melee: War axe           |   106 |   130 |    51 ||   287
  Use: Potion            |     2 |     1 |     6 ||     9
       Scroll            |     3 |       |     3 ||     6
Armor: Scale mail        |    71 |    48 |    20 ||   139
Dodge: Dodged            |    43 |    70 |    33 ||   146
Block: Buckler           |    23 |    22 |    15 ||    60

Table legend: (Time is in decaauts)
 A = Elapsed time spent in this place.
 B = Non-inter-level travel time spent in this place.
 C = Inter-level travel time spent in this place.
 D = Time resting spent in this place.
 E = Time spent auto-exploring this place.
 F = Levels seen in this place.
 G = Mean time per level.
                   A        B        C        D        E       F      G
               +--------+--------+--------+--------+--------+-----+--------+
         Total |   4647 |   4334 |    313 |    336 |   3356 |   6 |  774.5 |
       Dungeon |   4647 |   4334 |    313 |    336 |   3356 |   6 |  774.5 |
               +--------+--------+--------+--------+--------+-----+--------+

Top non-repeatable levels by time:
     D:3: 1127 daAuts
     D:4: 970 daAuts
     D:2: 836 daAuts
     D:5: 787 daAuts
     D:1: 785 daAuts
     D:6: 139 daAuts
